 Dungeon Crawl Stone Soup version 0.28.0-45-g0d030f2227 (webtiles) character file.

Game seed: 2239712796564450340

120 arsen the Cudgeller (level 4, -6/45 HPs)
             Began as a Troll Berserker on Apr 29, 2022.
             Was a Believer of Trog.
             Mangled by Crazy Yiuf
             ... wielding a +4 quarterstaff of chaos
              (13 damage)
             ... on level 2 of the Dungeon.
             The game lasted 00:10:46 (1307 turns).

arsen the Cudgeller (Troll Berserker)               Turns: 1307, Time: 00:10:47

Health: -6/45      AC:  4    Str: 25    XL:     4   Next: 75%
Magic:  0/3        EV:  9    Int:  3    God:    Trog [**....]
Gold:   72         SH:  6    Dex: 11    Spells: 3/3 levels left

rFire   . . .      SeeInvis .   a - +0 mace
rCold   . . .      Faith    .   q - +0 kite shield
rNeg    . . .      Spirit   .   b - +0 animal skin
rPois   .          Reflect  .   (helmet restricted)
rElec   .          Harm     .   (no cloak)
rCorr   +          Rampage  .   (gloves unavailable)
Will    .....                   (boots unavailable)
Stlth   +.........              (no amulet)
HPRegen 0.95/turn               j - +4 ring of slaying
MPRegen 0.08/turn               m - ring of resist corrosion

@: no status effects
A: large, unfitting armour, claws 3, regeneration 1, shaggy fur 1, tough skin 1
a: Renounce Religion, Berserk, Trog's Hand


You were on level 2 of the Dungeon.
You worshipped Trog.
Trog was pleased with you.
You visited 1 branch of the dungeon, and saw 2 of its levels.

You collected 72 gold pieces.

Inventory:

Hand Weapons
 a - a +0 mace (weapon)
Missiles
 k - 26 stones (quivered)
 u - 20 sling bullets
Armour
 b - a +0 animal skin (worn)
 e - a +0 helmet
 i - a +0 leather armour
 q - a +0 kite shield (worn)
 s - a +0 chain mail
Jewellery
 j - a +4 ring of slaying (left claw)
 m - a ring of resist corrosion (right claw)
Scrolls
 c - a scroll of amnesia {unknown}
 d - a scroll of brand weapon {unknown}
 h - 2 scrolls of identify {unknown}
 r - a scroll of fear {unknown}
Potions
 f - a potion of might {unknown}
 g - 2 potions of lignification {unknown}
 l - a potion of degeneration {unknown}
 n - a potion of mutation {unknown}
 o - a potion of magic {unknown}
 p - a potion of curing {unknown}
 t - a potion of resistance {unknown}


   Skills:
 + Level 3.2 Fighting
 + Level 3.9 Maces & Flails
 + Level 3.1 Dodging


You had 3 spell levels left.
You didn't know any spells.
Your spell library was empty.

Dungeon Overview and Level Annotations

Branches:
Dungeon (2/15)

Altars:

Annotations:
D:2 Crazy Yiuf


Innate Abilities, Weirdness & Mutations

You are too large for most types of armour.
You have claws for hands.
Your natural rate of healing is unusually fast.
You are covered in fur. (AC +1)
You have tough skin. (AC +1)


Message History

Trog accepts your kill. The rat bites you but does no damage.
The rat bites you. The rat closely misses you.
You see here a frilled lizard corpse.
You hit the rat.
You kill the rat!
Trog accepts your kill.
You see here a rat corpse.
You open the door.
There is an open door here.
You see here 20 sling bullets.
u - 20 sling bullets
There is an open door here.
Crazy Yiuf shouts!
You open the door. You hit Crazy Yiuf.
Crazy Yiuf is lightly wounded.
You block Crazy Yiuf's attack.
You barely miss Crazy Yiuf.
Crazy Yiuf is lightly wounded.
Crazy Yiuf drinks a potion.
Crazy Yiuf seems to speed up.
Crazy Yiuf hits you with a +4 quarterstaff of chaos!
You feel your power leaking away.
You barely miss Crazy Yiuf.
Crazy Yiuf is lightly wounded.
Crazy Yiuf grits, "Announcement!
Millenium cower pontify."
You block Crazy Yiuf's attack. Crazy Yiuf barely misses you.
You closely miss Crazy Yiuf.
Crazy Yiuf is lightly wounded.
You block Crazy Yiuf's attack.
Crazy Yiuf hits you with a +4 quarterstaff of chaos!
You sock Crazy Yiuf!
Crazy Yiuf is severely wounded.
Crazy Yiuf says, "Leather song snail!"
Crazy Yiuf hits you with a +4 quarterstaff of chaos!
* * * LOW HITPOINT WARNING * * *
Crazy Yiuf burns you.
* * * LOW HITPOINT WARNING * * *
Crazy Yiuf hits you with a +4 quarterstaff of chaos!
You die...

#######.....########............
#.........##..............
#...[<.............<......
#.################........ #.#
#........ #.# ♣♣♣♣♣##........
#.# ### ♣♣♣.♣...'........ ###
#...#♣..♣............. #########
#...g@♣♣♣♣......##.... #.......#
#)..#♣♣ ♣♣..+.###.... #.......#
### ♣♣#### ##... #.......# #...
#.......# ######...
#.......################........
#.....................########..
#................####......†....
#.........†......# ##########.#


You could see Crazy Yiuf (fast).

Vanquished Creatures
  A hound (D:2)
  5 adders (D:2)
  2 dart slugs (D:1)
  2 bats (D:2)
  3 endoplasms (D:2)
  2 goblins
  8 hobgoblins
  4 kobolds
  3 quokkas
  6 ball pythons
  A frilled lizard (D:2)
  6 rats
43 creatures vanquished.

Vanquished Creatures (others)
  4 fungi (D:2)
4 creatures vanquished.

Grand Total: 47 creatures vanquished

Notes
Turn   | Place    | Note
-------+----------+-------------------------------------------
     0 | D:1      | arsen the Troll Berserker began the quest for the Orb.
     0 | D:1      | Reached XP level 1. HP: 22/22 MP: 0/0
   197 | D:1      | Reached XP level 2. HP: 25/29 MP: 1/1
   671 | D:2      | Reached XP level 3. HP: 36/36 MP: 2/2
   774 | D:2      | Reached ** piety under Trog
   779 | D:2      | Reached XP level 4. HP: 45/45 MP: 3/3
  1128 | D:2      | Found a runed translucent door.
  1129 | D:2      | Noticed Crazy Yiuf
  1307 | D:2      | Mangled by Crazy Yiuf

Illustrated notes

Levels and vault maps discovered:
D:1:      lightli_arrival_lavapool, layout_basic
D:2:      layout_rooms, minmay_split_cup_large, uniq_crazy_yiuf_cottage

Skill      XL: |  1  2  3 |
---------------+----------+-----
Maces & Flails | 3 |  3.9
Fighting       | 3 |  3.2
Dodging        | 3 |  3.1

Action                   |  1- 3 |  4- 6 || total
-------------------------+-------+-------++-------
Melee: Mace              |    84 |    58 ||   142
Invok: Berserk           |     1 |       ||     1
Armor: Animal skin       |    27 |    21 ||    48
Dodge: Dodged            |    48 |    16 ||    64
Block: Kite shield       |       |    18 ||    18
